 Dungeon Crawl Stone Soup version 0.27.1 (webtiles) character file.

Game seed: 10940421809864330224

51 safid the Skirmisher (level 3, -3/33 HPs)
             Began as a Hill Orc Fighter on Sept 2, 2021.
             Slain by Sigmund (7 damage)
             ... on level 2 of the Dungeon.
             The game lasted 00:02:56 (1072 turns).

safid the Skirmisher (Hill Orc Fighter)             Turns: 1072, Time: 00:02:56

Health: -3/33      AC:  7    Str: 19    XL:     3   Next: 81%
Magic:  3/3        EV:  7    Int:  8    God:
Gold:   34         SH:  9    Dex: 10    Spells: 2/2 levels left

rFire    . . .     SeeInvis .   a - +0 war axe
rCold    . . .     Faith    .   c - +0 kite shield
rNeg     . . .     Spirit   .   b - +0 scale mail
rPois    .         Reflect  .   (no helmet)
rElec    .         Harm     .   (no cloak)
rCorr    .         Rampage  .   (no gloves)
Will     .....                  (no boots)
Stlth    ..........             j - amulet of the acrobat
HPRegen  0.11/turn              (no ring)
MPRegen  0.08/turn              (no ring)

@: no status effects
A: no striking features
a: no special abilities


You were on level 2 of the Dungeon.
You visited 1 branch of the dungeon, and saw 2 of its levels.

You collected 34 gold pieces.

Inventory:

Hand Weapons
 a - a +0 war axe (weapon)
Missiles
 f - 8 boomerangs (quivered)
Armour
 b - a +0 scale mail (worn)
 c - a +0 kite shield (worn)
Jewellery
 j - an amulet of the acrobat (around neck)
Scrolls
 e - a scroll of identify {unknown}
 g - a scroll of amnesia {unknown}
 i - a scroll of enchant weapon {unknown}
Potions
 d - a potion of might


   Skills:
 + Level 4.1 Fighting
 + Level 3.6 Axes
 + Level 3.8 Armour
 + Level 3.7 Shields


You had 2 spell levels left.
You didn't know any spells.
Your spell library was empty.

Dungeon Overview and Level Annotations

Branches:
Dungeon (2/15)

Altars:

Annotations:
D:2 Sigmund


Message History

Your transformation is almost over.
The goblin shouts!
Sigmund hits you from afar with a +0 scythe.
The goblin shoots a stone.
The stone hits you but does no damage.
The goblin shoots a stone.
You block the stone.
Sigmund gestures wildly while chanting.
Sigmund flickers and vanishes!
Deactivating autopickup; reactivate with Ctrl-A.
The goblin shoots a stone.
The stone hits you. Something hits you.
The goblin shoots a stone.
You block the stone.
You cannot move.
You closely miss the goblin. You block the goblin's attack.
Something hits you but does no damage. The goblin completely misses you.
You closely miss the goblin.
The goblin shoots a stone.
You block the stone. You block the goblin's attack.
You hear some strange, mumbled words.
A puff of flame appears from out of thin air!
The puff of flame misses you.
The goblin shoots a stone.
You block the stone.
You closely miss the goblin. The goblin hits you but does no damage.
You block something's attack.
The goblin shoots a stone.
The stone completely misses you. The goblin hits you but does no damage.
You slash the goblin!
You kill the goblin!
Something hits you.
The goblin unwields a +0 hunting sling.
The goblin wields a +1 dagger of speed.
The goblin hits you but does no damage.
Unknown command.
You cannot move.
You closely miss the goblin.
You feel less wooden.
Your +0 scale mail unmelds from your body.
Something hits you.
The goblin hits you but does no damage. x2
You barely miss the goblin. Something hits you.
* * * LOW HITPOINT WARNING * * *
The goblin hits you with a +1 dagger of speed.
* * * LOW HITPOINT WARNING * * *
The goblin hits you with a +1 dagger of speed.
* * * LOW HITPOINT WARNING * * *
Unknown command.
You miss the goblin. Something hits you!
You die...

#. # ... #.####.#.# ...
....#. . ..# ..... . ###.#
####...#.# #<#.#
......#.#### #.#.#
#######.†........ #....
#................ ###.#
#........@g{..... #.#
#.......).†......#######.#
#.......###......#.......#
#.......# ......#........
#.......# .....#........
#.......##########........
#..........# #.......)
#......###.##### #........
#......###.#... .........


You could see a goblin.

Vanquished Creatures
  An adder (D:2)
  A gnoll (D:1)
  3 ball pythons
  6 bats
  2 endoplasms (D:2)
  3 goblins
  4 hobgoblins
  3 kobolds
  A quokka (D:1)
  2 frilled lizards (D:1)
  4 rats (D:1)
30 creatures vanquished.

Notes
Turn   | Place    | Note
-------+----------+-------------------------------------------
     0 | D:1      | safid the Hill Orc Fighter began the quest for the Orb.
     0 | D:1      | Reached XP level 1. HP: 19/19 MP: 1/1
   171 | D:1      | Reached XP level 2. HP: 18/27 MP: 2/2
   371 | D:1      | Found a faded altar of an unknown god.
   675 | D:1      | Reached skill level 4 in Fighting
   675 | D:1      | Reached XP level 3. HP: 33/33 MP: 3/3
  1049 | D:2      | Noticed Sigmund
  1072 | D:2      | Slain by Sigmund

Illustrated notes

Levels and vault maps discovered:
D:1:      dpeg_arrival_concentric_ovals, layout_basic,
          chequers_ecumenical_altar_island, solitary_fountain
D:2:      layout_basic, uniq_sigmund, uniq_terence, uniq_robin

Skill      XL: |  1  2 |
---------------+-------+-----
Axes           | 3 |  3.6
Fighting       | 4 |  4.1
Armour         | |  3.8
Shields        | |  3.7

Action                   || total
-------------------------++-------
Melee: War axe           ||    92
  Use: Potion            ||     2
Armor: Scale mail        ||    27
       Skin              ||    12
Dodge: Dodged            ||    45
Block: Kite shield       ||    73
